 Seeded DCSS version 0.30.0-5-g1a98f26d00 (webtiles) character file.

Game seed: 9217603525142881280 (custom seed)

73 Gelion the Poker (level 4, -14/34 HPs)
             Began as a Merfolk Gladiator on May 10, 2023.
             Killed by an exploding ball python (47 damage)
             ... ignited by their inner flame
             ... on level 3 of the Dungeon.
             The game lasted 00:02:18 (1400 turns).

Gelion the Poker (Merfolk Gladiator)                Turns: 1400, Time: 00:02:19

Health: -14/34     AC:  4    Str: 16    XL:     4   Next: 27%
Magic:  4/4        EV: 16    Int:  7    God:
Gold:   50         SH:  0    Dex: 15    Spells: 3/3 levels left

rFire   . . .        a - +0 trident
rCold   . . .        (no shield)
rNeg    . . .        b - +0 leather armour
rPois   .            c - +0 helmet
rElec   .            (no cloak)
rCorr   .            (no gloves)
SInv    .            (boots currently unavailable)
Will    .....        (no amulet)
Stlth   ++           (no ring)
HPRegen 0.25/turn    (no ring)
MPRegen 0.09/turn

%: no passive effects
@: very quick
A: nimble swimmer 2, mertail
a: no special abilities


You were on level 3 of the Dungeon.
You visited 1 branch of the dungeon, and saw 3 of its levels.

You collected 50 gold pieces.

Inventory:

Hand Weapons
 a - a +0 trident (weapon)
Missiles
 d - 3 throwing nets (quivered)
 e - a javelin
Armour
 b - a +0 leather armour (worn)
 c - a +0 helmet (worn)
Jewellery
 m - a ring of protection from fire
Scrolls
 f - a scroll of teleportation
 g - a scroll of poison
 t - a scroll of enchant weapon {unknown}
 u - 3 scrolls of enchant armour {unknown}
 v - a scroll of silence {unknown}
Potions
 i - a potion of mutation {unknown}
 j - a potion of brilliance {unknown}
 l - a potion of attraction {unknown}
 o - a potion of curing {unknown}
 p - 2 potions of haste {unknown}
 q - a potion of flight {unknown}
 r - a potion of lignification {unknown}


   Skills:
 + Level 2.9 Fighting
 * Level 5.2 Polearms
 + Level 2.5 Throwing
 + Level 4.6 Dodging


You had 3 spell levels left.
You didn't know any spells.
Your spell library contained the following spells:

 Spells                   Type           Power      Damage    Failure   Level
 Blink                    Tloc           0%         N/A       65%         2
 Dazzling Flash           Conj/Hex       0%         N/A       86%         3
 Volatile Blastmotes      Fire/Tloc      0%         2d10      86%         3
 Iskenderun's Mystic Bla  Conj/Tloc      0%         2d3       99%         4
 Manifold Assault         Tloc           0%         N/A       99%         4
 Starburst                Conj/Fire      0%         6d3       100%        6
 Storm Form               Tmut/Air       0%         N/A       100%        7


Dungeon Overview and Level Annotations

Branches:
Dungeon (3/15)

Altars:


Innate Abilities, Weirdness & Mutations

You are very nimble when in or above water. (Stealth+, EV+, Speed+++)
Your lower body shifts to a powerful aquatic tail in water.


Message History

A dart slug comes into view.
The dart slug launches a dart at you.
The slug dart hits you but does no damage.
An orc comes into view. It is wielding a +0 hand axe.
You reach to attack!
You hit the dart slug.
The dart slug is heavily wounded.
You hit the dart slug.
The dart slug is almost dead.
The orc shouts!
You hear a shout!
The dart slug bites you but does no damage.
You puncture the dart slug!
You kill the dart slug!
An orc comes into view. It is wielding a +0 club.
Found the Treatise on Green Rallying.
Found a stone staircase leading up.
The orc shouts!
An orc comes into view. It is wielding a +0 hand axe.
Your legs become a tail as you enter the water.
A quokka comes into view.
A quokka comes into view.
A quokka comes into view.
You closely miss the ball python.
The ball python bites you but does no damage.
The ball python misses you.
Your legs become a tail as you enter the water.
The ball python bites you. The ball python completely misses you.
You closely miss the ball python. The ball python misses you.
The ball python grabs you. The ball python constricts you.
The quokka closely misses you.
You closely miss the ball python. The ball python completely misses you.
The ball python constricts you. The quokka completely misses you.
The hobgoblin hits you but does no damage.
You hit the ball python.
Flame seeps out of the ball python.
The ball python is moderately wounded.
The ball python is engulfed in blazing flames.
The ball python explodes!
The fiery explosion engulfs the orc!!!
You kill the orc!
The fiery explosion engulfs you!!!
Ouch! That really hurt!
You die...

.#,* #.......###*,,,,,*,*,,,,,**,
,*,* ####.#### *,,,*,*,**,*****,
,*,* #...# *,,,*,*,**,*****, ,*,*
#...# *,,,,,,<**,,,,,,, ,,,*
#...# ***,,,,,,,,******
,**#####...## *,,,,,,,**,,,,,,*
,**#.....†.~#########,,,**,,,,,,*
,,........~o~.§grr~.##,,,,,,,,,,*
**##......#~o≈§○@≈≈~~#,,**,,,,,,*
* #####..#########.r#,,,,,,,,,,*
* #...**~~~~~~,.#,********** *
#..#*~~~,∩,,~**,* *
**#.o#,,~~~~~~***,* ******** *
*,o..*,,*********,* *,,,,,,, *
*,**,*~~~~~~~~~,*,* *,*****,
*,**,**~~~,,~,~~~,***,* *,
*,,,,*********~~,,,,,,* *,


You could see 2 orcs, 3 quokkas and a hobgoblin (inner flame).

Vanquished Creatures
  3 adders (D:2)
  A gnoll (D:1)
  A worm (D:2)
  A dart slug (D:3)
  An orc (D:3)
  3 ball pythons
  An endoplasm (D:3)
  A giant cockroach (D:2)
  2 goblins
  5 hobgoblins
  2 jackals (D:2)
  4 kobolds
  A quokka (D:2)
  4 bats
  3 frilled lizards
  2 rats (D:1)
35 creatures vanquished.

Notes
Turn   | Place    | Note
-------+----------+-------------------------------------------
     0 | D:1      | Gelion the Merfolk Gladiator began the quest for the Orb.
     0 | D:1      | Reached XP level 1. HP: 16/16 MP: 1/1
    36 | D:1      | Reached XP level 2. HP: 12/23 MP: 2/2
   395 | D:1      | Reached XP level 3. HP: 28/28 MP: 3/3
  1124 | D:2      | Reached skill level 5 in Polearms
  1201 | D:2      | Reached XP level 4. HP: 31/34 MP: 4/4
  1400 | D:3      | Killed by an exploding ball python... ignited by their
                  | inner flame

Illustrated notes

Levels and vault maps discovered:
D:1:      dpeg_arrival_shrine, layout_rooms, serial_corexii_hall,
          corexii_hall_statues_t, corexii_hall_statues_x, corexii_hall_statues_i
D:2:      layout_basic, nicolae_titane
D:3:      layout_loops_cross, grunt_dithmenos_smoke, nicolae_ru_awakened_eye,
          mainiacjoe_overflow_brackets, gup_sewer_entry_pipe, st_stairs_3

Skill      XL: |  1  2  3 |
---------------+----------+-----
Polearms       | 5 |  5.2
Fighting       | |  2.9
Throwing       | |  2.5
Dodging        | |  4.6

Action                     |  1- 3 |  4- 6 || total
---------------------------+-------+-------++-------
  Melee: Trident           |   107 |    15 ||   122
    Use: Scroll            |       |     5 ||     5
   Stab: Sleeping          |     1 |     1 ||     2
 Armour: Leather armour    |    23 |     5 ||    28
  Dodge: Dodged            |    57 |     8 ||    65
